 Dungeon Crawl Stone Soup version 0.29.1-2-gbd0b4ee654 (webtiles) character file.

Game seed: 12166641468280923677

343 Earthwalker the Trooper (level 6, -6/56 HPs)
             Began as a Minotaur Fighter on Oct 27, 2022.
             Mangled by an iguana (7 damage)
             ... on level 4 of the Dungeon.
             The game lasted 00:03:22 (2979 turns).

Earthwalker the Trooper (Minotaur Fighter)          Turns: 2979, Time: 00:03:22

Health: -6/56      AC:  7    Str: 22    XL:     6   Next: 31%
Magic:  5/5        EV:  9    Int:  5    God:
Gold:   203        SH:  5    Dex: 10    Spells: 5/5 levels left

rFire   . . .      SeeInvis .   a - +0 war axe
rCold   . . .      Faith    .   c - +0 buckler
rNeg    . . .      Spirit   .   b - +0 scale mail
rPois   .          Reflect  .   (helmet restricted)
rElec   .          Harm     .   (no cloak)
rCorr   .          Rampage  .   (no gloves)
Will    .....                   (no boots)
Stlth   ..........              (no amulet)
HPRegen 0.18/turn               (no ring)
MPRegen 0.09/turn               (no ring)

@: no status effects
A: horns 2, retaliatory headbutt
a: no special abilities


You were on level 4 of the Dungeon.
You visited 1 branch of the dungeon, and saw 4 of its levels.

You collected 203 gold pieces.

Inventory:

Hand Weapons
 a - a +0 war axe (weapon)
Missiles
 k - 2 silver javelins (quivered)
 p - 6 poisoned darts
Armour
 b - a +0 scale mail (worn)
 c - a +0 buckler (worn)
Jewellery
 h - an amulet of faith
Wands
 s - a wand of iceblast (5)
 u - a wand of paralysis (10)
Scrolls
 e - a scroll of butterflies {unknown}
 g - 6 scrolls of identify {unknown}
 i - a scroll of poison {unknown}
 j - a scroll of summoning {unknown}
 l - a scroll of blinking {unknown}
 m - a scroll of teleportation {unknown}
 n - a scroll of amnesia {unknown}
 t - a scroll of vulnerability {unknown}
Potions
 d - 2 potions of might
 f - a potion of heal wounds {unknown}
 o - a potion of ambrosia {unknown}
 q - a potion of mutation {unknown}
 r - a potion of cancellation {unknown}
 v - a potion of curing {unknown}


   Skills:
 + Level 5.4 Fighting
 + Level 4.4 Axes
 + Level 5.2 Armour
 + Level 5.3 Shields


You had 5 spell levels left.
You didn't know any spells.
Your spell library contained the following spells:

 Spells                   Type           Power      Damage    Failure   Level
 Gell's Gravitas          Tloc           0%         N/A       99%         3
 Lesser Beckoning         Tloc           0%         N/A       99%         3
 Teleport Other           Tloc           0%         N/A       99%         3
 Tukima's Dance           Hex            0%         N/A       99%         3
 Passage of Golubria      Tloc           0%         N/A       100%        4
 Yara's Violent Unravell  Hex/Tmut       0%         3d3       100%        5


Dungeon Overview and Level Annotations

Branches:
Dungeon (4/15)
 Temple: D:4-7

Altars:
Kikubaaqudgha


Innate Abilities, Weirdness & Mutations

You have a pair of horns on your head.
You reflexively headbutt those who attack you in melee.


Message History

The hound is almost dead.
You slash the iguana! The hound closely misses you.
The iguana closely misses you. The hound barely misses you.
Unknown command.
You slash the hound!
You kill the hound!
You hit the iguana. The iguana bites you. You block the iguana's attack.
The iguana bites you!
Unknown command.
You hit the iguana but do no damage.
The iguana is almost dead.
You slash the iguana! You block the iguana's attack. The iguana bites you!
Unknown command.
You are too injured to fight recklessly!
Unknown command.
You are too injured to fight recklessly!
Unknown command.
You are too injured to fight recklessly!
Unknown command.
You closely miss the iguana.
The iguana is almost dead.
You closely miss the iguana. The iguana barely misses you.
You furiously retaliate!
You headbutt the iguana. The iguana bites you!
You slash the iguana!
You kill the iguana!
You hit the iguana but do no damage. The iguana barely misses you.
The iguana bites you!
* * * LOW HITPOINT WARNING * * *
You hit the iguana.
The iguana is severely wounded.
The iguana bites you but does no damage.
You closely miss the iguana.
The iguana is severely wounded.
You block the iguana's attack.
You barely miss the iguana.
The iguana is severely wounded.
The iguana bites you!
* * * LOW HITPOINT WARNING * * *
The iguana bites you!
You die...

##.# #..#
# #..#
#..# #
#.## ####
# #.# #.#
#.# #.# #
#†#.#.#
#@l..#
#)#...#
#...#....
#.... ...
#..... #.
#.#....
#.......
#.#.####


You could see an iguana.

Vanquished Creatures
  A black bear (D:4)
  2 hounds (D:4)
  3 iguanas (D:4)
  3 adders
  2 worms
  3 dart slugs
  An orc (D:3)
  9 ball pythons
  3 bats
  8 endoplasms
  5 giant cockroaches
  8 goblins
  4 hobgoblins
  10 jackals
  10 kobolds
  A quokka (D:3)
  A frilled lizard (D:1)
  3 rats
77 creatures vanquished.

Vanquished Creatures (others)
  16 plants (D:3)
16 creatures vanquished.

Grand Total: 93 creatures vanquished

Notes
Turn   | Place    | Note
-------+----------+-------------------------------------------
     0 | D:1      | Earthwalker the Minotaur Fighter began the quest for the
                  | Orb.
     0 | D:1      | Reached XP level 1. HP: 19/19 MP: 0/0
    75 | D:1      | Reached XP level 2. HP: 27/27 MP: 1/1
   529 | D:1      | Found a faded altar of an unknown god.
   686 | D:1      | Reached XP level 3. HP: 33/33 MP: 2/2
   853 | D:2      | Identified the +6 shortbow of Chewing Instant Death {flame,
                  | Int+4 Stlth+}
  1382 | D:2      | Reached XP level 4. HP: 41/41 MP: 3/3
  2002 | D:3      | Found an ancient bone altar of Kikubaaqudgha.
  2394 | D:4      | Noticed a black bear
  2406 | D:4      | Killed a black bear
  2407 | D:4      | Reached XP level 5. HP: 10/47 MP: 4/4
  2670 | D:4      | Reached skill level 5 in Fighting
  2775 | D:4      | Reached skill level 5 in Shields
  2879 | D:4      | Reached skill level 5 in Armour
  2968 | D:4      | Reached XP level 6. HP: 51/56 MP: 5/5
  2979 | D:4      | HP: 1/56 [iguana (8)]
  2979 | D:4      | Mangled by an iguana

Illustrated notes

Levels and vault maps discovered:
D:1:      tarquinn_simple_flora_water_f, layout_basic,
          hellmonk_ecumenical_altar_run_dry, st_stairs_1, minmay_tetromino_o2
D:2:      layout_loops_ring
D:3:      layout_rooms, mainiacjoe_overflow_chevrons
D:4:      layout_rooms, marbit_many_paths, minmay_increasing_density

Skill      XL: |  1  2  3  4  5 |
---------------+----------------+-----
Fighting       | 4 5 |  5.4
Shields        | 4 5 |  5.3
Armour         | 4 5 |  5.2
Axes           | 3 4 |  4.4

Action                   |  1- 3 |  4- 6 || total
-------------------------+-------+-------++-------
Melee: War axe           |    94 |    79 ||   173
       Headbutt          |    10 |    16 ||    26
Armor: Scale mail        |    40 |    40 ||    80
Dodge: Dodged            |    50 |    37 ||    87
Block: Buckler           |    25 |    18 ||    43
